[Event "Live Chess"]
[Site "Chess.com"]
[Date "2024.06.02"]
[Round "-"]
[White "FMOlexandrProhorov"]
[Black "JoeyCage"]
[Result "0-1"]
[WhiteElo "2337"]
[BlackElo "2397"]
[TimeControl "300"]
[EndTime "6:25:07 PDT"]
[Termination "JoeyCage won by resignation"]

1. d4 e5 2. c4 exd4 3. Qxd4 Nc6 4. Qd2 Nf6 5. b3 Bb4 6. Nc3 Ne4 7. Qe3 Bxc3+ 8. Kd1 Bxa1 9. Qxe4+ Qe7 10. Qg4 O-O 11. Nf3 d5 12. Qg3 dxc4 13. e4 Rd8+ 14. Kc2 0-1

[Event "Live Chess"]
[Site "Chess.com"]
[Date "2024.06.02"]
[Round "-"]
[White "mrsmarple1968"]
[Black "bobby_jamesFischer86"]
[Result "1/2-1/2"]
[WhiteElo "1730"]
[BlackElo "1651"]
[TimeControl "300"]
[EndTime "6:25:32 PDT"]
[Termination "Game drawn by agreement"]

1. e4 c5 2. Nc3 d6 3. g3 Nf6 4. d3 Nc6 5. Bg2 Bg4 6. Nge2 Nd4 7.
O-O Bxe2 8. Nxe2 Nxe2+ 9. Qxe2 e5 10. f4 exf4 11. Bxf4 Be7 12. Rab1 O-O 13. e5 dxe5 14. Bxe5 Qd7 15. Qf3 b6 16. Qf4 Rad8 17. Qg5 h6 18. Qf4 Qg4 19. h3 Qxf4 20. Bxf4 Bd6 21. Rbe1 Bxf4 22. Rxf4 Rfe8 23. Rff1 Nh5 1/2-1/2

[Event "Live Chess"]
[Site "Chess.com"]
[Date "2024.06.02"]
[Round "-"]
[White "NottheBishopSacrifice"]
[Black "Ferrarifan27"]
[Result "1-0"]
[WhiteElo "2322"]
[BlackElo "2136"]
[TimeControl "300"]
[EndTime "6:25:33 PDT"]
[Termination "NottheBishopSacrifice won by checkmate"]

1. d4 Nf6 2. Nf3 d5 3. Bf4 e6 4. e3 Be7 5. c4 O-O 6. Nc3 c6 7.
Be2 Nbd7 8. O-O b6 9. h3 Bb7 10. Rc1 Rc8 11. Qa4 a6 12. cxd5 exd5 13. Qc2 c5 14. Ne5 Nxe5 15. dxe5 Nd7 16. Rcd1 Nb8 17.
Bf3 Nc6 18. Nxd5 Qe8 19. Nxb6 Nb4 20. Qe2 Bxf3 21. Qxf3 Rd8 22. a3 Nd3 23. Nc4 Qb5 24. Nd6 Qxb2 25. Rxd3 c4 26. Rdd1 Qxa3 27. Nxc4 Qb4 28.
Nd6 a5 29. Rb1 Qc5 30. Rfc1 Qa7 31. Nb5 Qa6 32. Nc7 Qa7 33. Nd5 Ba3 34. Rd1 Kh8 35. Nc3 Bb4 36. Rxd8 Rxd8 37. Ne4 Qe7 38. Nd6 f6 39.
Nf5 Qf7 40. exf6 Qxf6 41. Nd4 Bc3 42. Rb7 Bxd4 43. exd4 Qxd4 44. Be3 Qa1+ 45. Kh2 Qe5+ 46. Qg3 Qf6 47. Bg5 Qc6 48. Rc7 Qd6 49. Qxd6 Rxd6 50. Rc8+ Rd8 51. Rxd8# 1-0

[Event "Live Chess"]
[Site "Chess.com"]
[Date "2024.06.02"]
[Round "-"]
[White "beltmanjb"]
[Black "Tatarinov_Maxim"]
[Result "1/2-1/2"]
[WhiteElo "1706"]
[BlackElo "2276"]
[TimeControl "300"]
[EndTime "6:25:45 PDT"]
[Termination "Game drawn by agreement"]

1. d4 Nf6 2. c4 c5 3. d5 b5 4. cxb5 a6 5. bxa6 g6 6. Nc3 Bg7 7. e4 O-O 8. a7 Rxa7 9. Nf3 Qa5 10. Bd2 Qb6 11. Qc2 d6 12. a4 Ba6 13. Bb5 Bxb5 14.
Nxb5 Ra8 15. O-O Na6 16. Bc3 Nc7 17. Nxc7 Qxc7 18. Ra3 Rfb8 19. Rb1 Nd7 20. Nd2 Rb7 21.
f4 Rab8 22. Nc4 Bxc3 23. Qxc3 Rb4 24. a5 Ra8 25. Rb3 Qb7 26. Rxb4 cxb4 27. Qd4 Nc5 28.
e5 Nb3 29. Qb6 Nxa5 30. Qxb7 Nxb7 31. exd6 Nxd6 32. Nxd6 exd6 33. Rc1 Ra2 34. Rc6 Rxb2 35. Rxd6 Kg7 36. Rb6 Rd2 37. d6 b3 38. Rxb3 Rxd6 39. Kf2 Rd2+ 40. Kg3 h5 41. Kf3 Ra2 42. h3 Ra6 43. g4 Ra5 44. Rc3 Ra4 45. Rb3 Rc4 1/2-1/2

[Event "Live Chess"]
[Site "Chess.com"]
[Date "2024.06.02"]
[Round "-"]
[White "MagnersCarlsberg2870"]
[Black "imchessive"]
[Result "1-0"]
[WhiteElo "1741"]
[BlackElo "1584"]
[TimeControl "300"]
[EndTime "6:25:45 PDT"]
[Termination "MagnersCarlsberg2870 won by checkmate"]

1. d4 f5 2. e4 fxe4 3. Nc3 Nf6 4. Bg5 d6 5. f3 Nbd7 6. fxe4 g6 7. Nf3 e5 8. Bc4 c6 9. O-O d5 10. exd5 cxd5 11.
Nxd5 Bg7 12. Nxe5 h6 13. Nxd7 hxg5 14. N7xf6+ Bxf6 15.
Nxf6+ Kf8 16. Qf3 Qxd4+ 17. Kh1 Kg7 18. b3 Bf5 19. g4 Qxf6 20. gxf5 Rhf8 21. Qxb7+ Kh6 22.
fxg6 Qd4 23. Qh7# 1-0

[Event "Live Chess"]
[Site "Chess.com"]
[Date "2024.06.02"]
[Round "-"]
[White "wadsy27"]
[Black "PavelChernomordik"]
[Result "1-0"]
[WhiteElo "2587"]
[BlackElo "2505"]
[TimeControl "300"]
[EndTime "6:25:49 PDT"]
[Termination "wadsy27 won by resignation"]

1. d4 g6 2. c4 Bg7 3. Nf3 d6 4. Nc3 Nc6 5. d5 Ne5 6. Nxe5 Bxe5 7. e4 c6 8. Be2 Nf6 9. f3 Qb6 10. Qd3 Nh5 11. g3 Bh3 12. f4 Bg2 13. fxe5 Bxh1 14.
Be3 Qxb2 15. Rb1 Qa3 16. exd6 Qxd6 17. c5 Qd7 18. Kf2 Qh3 19. Rxh1 Nxg3 20. hxg3 Qxh1 21.
Bf3 Qa1 22. d6 O-O-O 23. e5 Qb2+ 24. Kg1 f6 25. e6 Qb4 26. Ne4 h5 27. Bf4 exd6 28.
cxd6 Kb8 29. e7 g5 30. exd8=Q+ Rxd8 31. Bd2 Qb6+ 32. Be3 Qa5 33. Nxf6 Qe5 34. Ne4 h4 35. Bxg5 Rg8 36. Bxh4 Ka8 37. d7 Qa1+ 38. Bd1 Qh8 39. d8=Q+ Rxd8 40. Qxd8+ Qxd8 41. Bxd8 1-0

[Event "Live Chess"]
[Site "Chess.com"]
[Date "2024.06.02"]
[Round "-"]
[White "nyclone"]
[Black "FlyingChessKestrel13"]
[Result "0-1"]
[WhiteElo "1148"]
[BlackElo "2076"]
[TimeControl "300"]
[EndTime "6:25:54 PDT"]
[Termination "FlyingChessKestrel13 won by resignation"]

1. e4 d6 2. Nc3 g6 3. Bc4 Bg7 4. Nge2 Nf6 5. d3 O-O 6. O-O c6 7. a3 d5 8. exd5 cxd5 9. Bb3 Nc6 10. Bg5 d4 11. Bxf6 Bxf6 12. Ne4 Bg7 13. Nd2 Bg4 14. Qe1 e5 15. Ne4 Kh8 16. f3 Bc8 17. N2g3 f5 18. Nf2 Qd6 19. f4 exf4 20. Ne2 Bd7 21.
Nh3 Be5 22. Qh4 Bf6 23. Ng5 Qe7 24. Nxf4 Bxg5 25. Nxg6+ Kg7 26. Nxe7 Bxh4 27. Nxf5+ Rxf5 28. Rxf5 Bxf5 29. Rf1 Rf8 30. g3 Be7 31. Re1 Bg6 32. Kg2 Bg5 33. Bd5 Be3 34. Kh3 Bf5+ 35. Kh4 Kg6 36.
g4 Bf2+ 37. Kh3 Bxe1 38. gxf5+ Rxf5 39. Be4 Kf6 40. Bxf5 Kxf5 41. Kg2 Bh4 42. Kf3 Bf6 43. h3 Ne5+ 44. Ke2 Ng6 45. Kd2 Nf4 46. c3 dxc3+ 47. bxc3 Nxh3 48. d4 Nf4 49. Ke3 h5 50. a4 h4 51. Kf3 h3 52. Kg3 Ke4 53. d5 Nxd5 54. c4 Nf4 55. c5 Be5 56. Kh2 Kd5 57.
c6 Kxc6 0-1

[Event "Live Chess"]
[Site "Chess.com"]
[Date "2024.06.02"]
[Round "-"]
[White "NAZRIZ1977"]
[Black "Nazar-Makarchuk"]
[Result "1-0"]
[WhiteElo "2083"]
[BlackElo "1435"]
[TimeControl "300"]
[EndTime "6:26:02 PDT"]
[Termination "NAZRIZ1977 won by checkmate"]

1. d4 d5 2. c4 dxc4 3. Nc3 Nf6 4.
e4 e6 5. Bxc4 c5 6. d5 exd5 7.
exd5 Nbd7 8. Qe2+ Qe7 9. Nb5 Qxe2+ 10. Nxe2 Kd8 11. Bf4 a6 12. Bc7+ Ke8 13. Nd6+ Bxd6 14. Bxd6 Nb6 15. b3 Nxc4 16. bxc4 Nd7 17. O-O b5 18.
Rfe1 bxc4 19. Nd4+ Kd8 20. Nc6# 1-0

[Event "Live Chess"]
[Site "Chess.com"]
[Date "2024.06.02"]
[Round "-"]
[White "upoe610"]
[Black "vincents82"]
[Result "1-0"]
[WhiteElo "2148"]
[BlackElo "1994"]
[TimeControl "300"]
[EndTime "6:26:03 PDT"]
[Termination "upoe610 won by resignation"]

1. c4 c6 2. g3 d5 3. Nf3 Nf6 4. Bg2 Bf5 5. Qb3 Qb6 6. d3 e6 7. Be3 Qxb3 8. axb3 Nbd7 9. Bd4 c5 10. Bc3 d4 11. Bd2 Be7 12. Nh4 Bg6 13. Nxg6 hxg6 14. Bxb7 Rb8 15. Rxa7 O-O 16. O-O Bd8 17. Bc6 Ne5 18.
Bb5 Ne8 19. Bf4 f6 20. Bxe5 fxe5 21. Nd2 Nd6 22. Ba4 Bb6 23. Rd7 Nf5 24. Ne4 Rf7 25.
Ng5 Rxd7 26. Bxd7 Ba5 27. Bxe6+ Kf8 28. Bd5 Rxb3 29. Ra1 Bb4 30. Ra7 Rxb2 31. Bc6 Rxe2 32. Rf7+ Kg8 33. Rd7 Kf8 34. Ne6+ Kg8 35. Rd8+ Kh7 36.
Ng5+ Kh6 37. h4 Kh5 38. Bf3+ 1-0

[Event "Live Chess"]
[Site "Chess.com"]
[Date "2024.06.02"]
[Round "-"]
[White "megabusyman"]
[Black "McFim"]
[Result "0-1"]
[WhiteElo "1830"]
[BlackElo "1765"]
[TimeControl "300"]
[EndTime "6:26:29 PDT"]
[Termination "McFim won by checkmate"]

1. e4 c6 2. Nc3 d5 3. d4 dxe4 4. Nxe4 Nd7 5. Qe2 Ndf6 6. Nf3 Nxe4 7. Qxe4 Nf6 8. Qh4 Bf5 9. c3 e6 10. Be2 Be7 11. Qg3 O-O 12. h4 Ne4 13. Qf4 Bd6 14. Qe3 Qc7 15. g4 Nxf2 16. Kxf2 Bg3+ 17. Kg2 Bxg4 18.
Ne5 Bxe5 19. Bxg4 Bd6 20. Bd2 c5 21. Raf1 cxd4 22. cxd4 Rad8 23. Bc3 Rde8 24. h5 f5 25. Bh3 Qc6+ 26. Qf3 Qc8 27. Re1 b5 28. a3 Qc7 29. Re2 a5 30. Rhe1 b4 31. axb4 axb4 32. Bd2 e5 33. dxe5 Bxe5 34. Bxb4 Rf7 35. Qd5 Qb7 36. Qxb7 Rxb7 37. Rxe5 Rxe5 38. Rxe5 Rxb4 39. Re2 g6 40. hxg6 hxg6 41. Kh2 Kg7 42. Bg2 Kf6 43. Kg3 g5 44. Bd5 Rd4 45. Kf2 Rxd5 46. b4 Rb5 47. Rb2 g4 48. Ke3 Kg5 49. Rb3 f4+ 50. Ke4 f3 51. Ke3 Kf5 52. Kf2 Kf4 53. Rb2 g3+ 54.
Kf1 g2+ 55. Kf2 Rg5 56. Rd2 g1=Q# 0-1

[Event "Live Chess"]
[Site "Chess.com"]
[Date "2024.06.02"]
[Round "-"]
[White "Ferrarifan27"]
[Black "JohanKjeldahl"]
[Result "1-0"]
[WhiteElo "2138"]
[BlackElo "1789"]
[TimeControl "300"]
[EndTime "6:26:31 PDT"]
[Termination "Ferrarifan27 won by resignation"]

1. e4 c5 2. Nf3 e6 3. d4 cxd4 4.
Nxd4 Nc6 5. Nxc6 bxc6 6. e5 Qa5+ 7. Nc3 Qxe5+ 8. Be2 d5 9. O-O Bd6 10. g3 h5 11. Bf4 1-0

[Event "Live Chess"]
[Site "Chess.com"]
[Date "2024.06.02"]
[Round "-"]
[White "missedJariChance"]
[Black "KyryloPoluliakh"]
[Result "0-1"]
[WhiteElo "1388"]
[BlackElo "1539"]
[TimeControl "300"]
[EndTime "6:26:55 PDT"]
[Termination "KyryloPoluliakh won by resignation"]

1. b3 Nf6 2. Bb2 g6 3. Nf3 Bg7 4. e3 O-O 5. Be2 c5 6. O-O Nc6 7. d4 cxd4 8. exd4 d5 9. c4 Bg4 10. cxd5 Qxd5 11. Nc3 Qd8 12. Na4 Nd5 13. Rb1 Nb6 14. Nc5 Bxf3 15. Bxf3 Nxd4 16. Bxb7 Rb8 17. Be4 Nb5 18. Bxg7 Kxg7 19. Qc2 Rc8 20. Rbd1 Qc7 21. Qb2+ Kg8 22. Nd3 Nd6 23. Rc1 Qd7 24. Ne5 Qe6 25. Bf3 Rxc1 26. Rxc1 Rd8 27. h3 h5 28. Nd3 Nf5 29. Nf4 Qd6 30. Rd1 Qc7 31. Rxd8+ Qxd8 32. a4 Qd4 33. Ne2 Qxb2 0-1

[Event "Live Chess"]
[Site "Chess.com"]
[Date "2024.06.02"]
[Round "-"]
[White "vincents82"]
[Black "MagnersCarlsberg2870"]
[Result "0-1"]
[WhiteElo "1981"]
[BlackElo "1754"]
[TimeControl "300"]
[EndTime "6:27:14 PDT"]
[Termination "MagnersCarlsberg2870 won by checkmate"]

1. e4 d5 2. exd5 Nf6 3. Nf3 Qxd5 4. d4 Qh5 5. Be2 Bg4 6. O-O e6 7. Ne5 Bxe2 8. Qe1 Bxf1 9. Qxf1 Bd6 10. Qb5+ c6 11.
Qxb7 Qd1# 0-1

[Event "Live Chess"]
[Site "Chess.com"]
[Date "2024.06.02"]
[Round "-"]
[White "Dhaydon19"]
[Black "yarek"]
[Result "1-0"]
[WhiteElo "2665"]
[BlackElo "1748"]
[TimeControl "300"]
[EndTime "6:27:28 PDT"]
[Termination "Dhaydon19 won by resignation"]

1. d4 g6 2. c3 Bg7 3. Nf3 c6 4. g3 d5 5. Bg2 Nf6 6. O-O O-O 7. Nbd2 Nbd7 8. Re1 Re8 9. e4 dxe4 10. Nxe4 Nxe4 11. Rxe4 Nf6 12. Re1 Bg4 13. Qb3 Bxf3 14. Bxf3 Qc7 15. Bf4 Qd7 16. Rad1 e6 17. Kg2 Nd5 18. Bd2 Rac8 19.
c4 Nb6 20. Bc3 Qc7 21. a4 Nd7 22. a5 a6 23. Qc2 b5 24. axb6 Qxb6 25. c5 Qb5 26.
Be2 Qb7 27. Qa4 Ra8 28. Bf3 Nb8 29. d5 Qb5 30. Qxb5 axb5 31. Bxg7 Kxg7 32. dxc6 Ra6 33.
c7 Nc6 34. Rd6 Nb4 35. Red1 Raa8 36. Bxa8 1-0

[Event "Live Chess"]
[Site "Chess.com"]
[Date "2024.06.02"]
[Round "-"]
[White "DoYouLikeCurry"]
[Black "r0ad_t0-gm"]
[Result "0-1"]
[WhiteElo "1446"]
[BlackElo "2305"]
[TimeControl "300"]
[EndTime "6:27:37 PDT"]
[Termination "r0ad_t0-gm won by resignation"]

1. e4 c5 2. a3 g6 3. Nc3 Bg7 4.
Bc4 Nc6 5. d3 e6 6. Ba2 h6 7. h4 Nge7 8. Bd2 d5 9. g4 b6 10. f4 dxe4 11. dxe4 Bb7 12. f5 Nd4 13. fxg6 Nxg6 14. h5 Ne7 15. g5 Qc7 16. Nge2 Nf3+ 17. Kf2 Nxd2 18. Qxd2 Rd8 19. Qf4 Qxf4+ 20. Nxf4 hxg5 21.
Nfe2 Nc6 22. Nb5 Nd4 23. Nc7+ Kd7 24. Nxd4 Bxd4+ 25. Kf3 Kxc7 26. Rad1 f5 27. c3 Bxe4+ 28. Ke2 Bxh1 29. Rxh1 Bf6 30. Bxe6 Rde8 0-1

[Event "Live Chess"]
[Site "Chess.com"]
[Date "2024.06.02"]
[Round "-"]
[White "Ferrarifan27"]
[Black "beltmanjb"]
[Result "1-0"]
[WhiteElo "2139"]
[BlackElo "1704"]
[TimeControl "300"]
[EndTime "6:27:44 PDT"]
[Termination "Ferrarifan27 won by resignation"]

1. e4 c5 2. Nf3 Nc6 3. b4 cxb4 4. d4 d5 5. exd5 Nf6 6. dxc6 bxc6 7. Bb2 e6 8. Nbd2 Be7 9. Bd3 O-O 10. O-O Bb7 11. Ne4 1-0

[Event "Live Chess"]
[Site "Chess.com"]
[Date "2024.06.02"]
[Round "-"]
[White "Step-S"]
[Black "CheckThis4"]
[Result "0-1"]
[WhiteElo "1248"]
[BlackElo "2688"]
[TimeControl "300"]
[EndTime "6:27:59 PDT"]
[Termination "CheckThis4 won by resignation"]

1. e4 Nc6 2. d4 d5 3. f3 e5 4. dxe5 Bc5 5. exd5 Nxe5 6. Nc3 Bxg1 7. Rxg1 Qh4+ 8.
Ke2 Nf6 9. Be3 O-O 10. Qd4 Nfg4 11. g3 Qxh2+ 12. Rg2 Qh5 13. fxg4 Bxg4+ 14. Kd2 Nf3+ 0-1

[Event "Live Chess"]
[Site "Chess.com"]
[Date "2024.06.02"]
[Round "-"]
[White "14141409"]
[Black "KeithArkell"]
[Result "0-1"]
[WhiteElo "2539"]
[BlackElo "2437"]
[TimeControl "300"]
[EndTime "6:28:06 PDT"]
[Termination "KeithArkell won by resignation"]

1. e4 c6 2. d4 d5 3. e5 c5 4. dxc5 Nc6 5. Nf3 Bg4 6. Be2 Bxf3 7. Bxf3 e6 8. Bf4 Bxc5 9. O-O Nge7 10. Re1 Ng6 11. Bg3 Bd4 12. c3 Bxe5 13. Bh5 Bxg3 14. hxg3 O-O 15. Nd2 b5 16. a3 Rb8 17. Nb3 a5 18.
Nd4 Nxd4 19. cxd4 Qf6 20. Bxg6 hxg6 21. Qd3 Rfc8 22. g4 Rc4 23. Rad1 Rbc8 24. Rd2 Rc1 25. Rxc1 Rxc1+ 26. Rd1 Rxd1+ 27. Qxd1 Qf4 28. g3 Qe4 29. Qd2 a4 30. Qb4 Qxg4 31. Qxb5 Qxd4 32. Qe8+ Kh7 33.
Qxf7 Qe4 34. Qd7 d4 35. Qxa4 g5 36. Qd1 Kg6 37. a4 d3 38. f3 Qe3+ 39. Kf1 d2 40. a5 Qd3+ 41. Kg2 g4 42. fxg4 e5 43. a6 e4 44. a7 Qf3+ 45. Kh2 Qxd1 46. a8=Q Qe2+ 47.
Kh3 Qf1+ 48. Kh2 d1=Q 49. Qe8+ Kf6 50. Qf8+ Ke6 51. Qe8+ Kd5 52. Qd7+ Kc4 53. Qc6+ Kd3 54. Qd5+ Ke3 55. Qg5+ Ke2 56. Qb5+ Qd3 57. Qb4 Qf2+ 0-1

[Event "Live Chess"]
[Site "Chess.com"]
[Date "2024.06.02"]
[Round "-"]
[White "upoe610"]
[Black "NAZRIZ1977"]
[Result "1-0"]
[WhiteElo "2155"]
[BlackElo "2076"]
[TimeControl "300"]
[EndTime "6:28:11 PDT"]
[Termination "upoe610 won by resignation"]

1. c4 b6 2. d4 Bb7 3. Nc3 e6 4. a3 f5 5. d5 e5 6. e4 Nf6 7.
exf5 a5 8. g4 Na6 9. g5 Ng8 10.
Qh5+ Ke7 11. f6+ gxf6 12. gxf6+ Nxf6 13. Bg5 h6 14. Bxf6+ Kxf6 15. Ne4+ Kg7 16. Qxe5+ 1-0

[Event "Live Chess"]
[Site "Chess.com"]
[Date "2024.06.02"]
[Round "-"]
[White "Dashman93"]
[Black "IgorSchukin"]
[Result "1-0"]
[WhiteElo "2133"]
[BlackElo "1784"]
[TimeControl "300"]
[EndTime "6:28:15 PDT"]
[Termination "Dashman93 won by resignation"]

1. d4 d5 2. c4 e5 3. dxe5 d4 4. Nf3 Nc6 5. g3 Bg4 6. Bg2 Qd7 7. O-O O-O-O 8. b4 Bxb4 9. Ba3 Bxa3 10. Nxa3 Bh3 11. Rb1 Bxg2 12. Kxg2 h5 13. Qb3 b6 14.
Qb5 Nge7 15. Rfd1 Ng6 16. Qa6+ Kb8 17. Nb5 Qg4 18. Rxd4 Rxd4 19. Nfxd4 Ngxe5 20. f3 Qg6 21. Rb3 h4 22. f4 hxg3 23. hxg3 Ng4 24. Nxc6+ Qxc6+ 25. Rf3 Rh2+ 26. Kf1 Qb7 27. Qxb7+ Kxb7 28. Rd3 a6 29. Nd4 g6 30. Nf3 Rh3 31. Kg2 Rh8 32. Rd7 f5 33. Rg7 Ne3+ 34. Kf2 Nxc4 35. Rxg6 b5 36.
Rf6 Nd6 37. Nd4 Rh2+ 38. Kf3 Rh5 39. g4 Rh3+ 40. Kg2 fxg4 41. Re6 b4 42. e4 Rd3 43. Nb3 Nc4 44. Nc5+ 1-0

[Event "Live Chess"]
[Site "Chess.com"]
[Date "2024.06.02"]
[Round "-"]
[White "f4nomore"]
[Black "TheSmoulderingMaster"]
[Result "0-1"]
[WhiteElo "1279"]
[BlackElo "1765"]
[TimeControl "300"]
[EndTime "6:28:21 PDT"]
[Termination "TheSmoulderingMaster won by resignation"]

1. Nc3 d5 2. d4 Nf6 3. Bg5 c6 4. Bxf6 exf6 5. Nf3 Bb4 6. e3 O-O 7. Be2 Bg4 8. O-O Nd7 9. a3 Ba5 10. b4 Bc7 11. h3 Bh5 12. Nh2 Rc8 13. Bxh5 Nb6 14.
Bg4 Qd6 15. f4 Rce8 16. Qd3 Nc4 17. Rae1 Re7 18. b5 Rfe8 19. Rf3 Qxa3 20. bxc6 bxc6 21. Nf1 Ba5 22. Nxd5 Qxd3 23. cxd3 Bxe1 24. dxc4 cxd5 25. c5 a5 26. Ng3 Bxg3 27. Rxg3 a4 28. Bd1 a3 29. Bb3 Rb8 30. Ba2 Rb2 31. Bxd5 a2 32. Bxa2 Rxa2 33. Kh2 Ra3 34. Rf3 Rexe3 35. Rf1 Red3 36.
Rb1 h6 37. Rb8+ Kh7 38. c6 Rac3 39. Rc8 Rxd4 40. c7 Rdc4 0-1

[Event "Live Chess"]
[Site "Chess.com"]
[Date "2024.06.02"]
[Round "-"]
[White "davigator"]
[Black "Crowded_House"]
[Result "1-0"]
[WhiteElo "2354"]
[BlackElo "1624"]
[TimeControl "300"]
[EndTime "6:28:37 PDT"]
[Termination "davigator won on time"]

1. e4 e6 2. d4 d5 3. Nc3 dxe4 4. Nxe4 Bd7 5. Nf3 Bc6 6. Bd3 Nd7 7. Qe2 Ngf6 8. Ng3 Be7 9. Bd2 O-O 10. O-O-O h6 11. c4 b6 12. Ne5 Bb7 13. f4 c5 14. Bc3 cxd4 15. Bxd4 Qc7 16. Kb1 Rfd8 17. Rhe1 Nc5 18. Bc2 Rd6 19. Bc3 Rad8 20. Rxd6 Rxd6 21. f5 exf5 22. Nxf5 Re6 23. Nd4 Rd6 24. Nb5 Qd8 25. Nxd6 Qxd6 26. Nf3 Bf8 27. Be5 Qd7 28. Bxf6 gxf6 29. Rd1 Qc7 30. g3 Bxf3 31. Qxf3 Qe5 32.
b4 Ne6 33. Qd3 Bg7 34. a3 f5 35. Kc1 Qa1+ 36. Kd2 Qf6 37. Rf1 Qg5+ 38. Kd1 Qg4+ 39.
Kc1 Qg5+ 40. Kb1 Qf6 41. Kc1 Qg5+ 42. Qd2 Qf6 43. Kd1 Qa1+ 44. Ke2 Qxa3 45. Rxf5 Qa2 46.
Qd3 Qb2 47. Rd5 Qxb4 48. h4 Qe7 49. Kf2 Nc5 50. Qh7+ Kf8 51. Qf5 Qf6 52. Kg2 Qxf5 53. Bxf5 a5 54. Rd6 a4 55. Rxb6 a3 56. Rb8+ Ke7 57.
Ra8 Bb2 58. Bg4 Ne4 59. Ra7+ Kf6 60. Bh5 Nd2 61. Rxf7+ Ke6 62. Ra7 Nxc4 63. Bf7+ Kd6 64. Bxc4 Kc5 65. Ba2 Kb4 66. Rh7 Bc1 67. Rb7+ Kc3 68.
Kf3 Bd2 69. g4 Bc1 70. Ke4 Bg5 71. hxg5 1-0

[Event "Live Chess"]
[Site "Chess.com"]
[Date "2024.06.02"]
[Round "-"]
[White "McCarthyStone"]
[Black "lateforthesky"]
[Result "1-0"]
[WhiteElo "2487"]
[BlackElo "2068"]
[TimeControl "300"]
[EndTime "6:28:38 PDT"]
[Termination "McCarthyStone won by resignation"]

1. b3 e5 2. Bb2 d6 3. e3 Nc6 4. Ne2 Nf6 5. d4 exd4 6. Nxd4 Bd7 7. Nc3 Nxd4 8. Qxd4 Be7 9. O-O-O Bc6 10. f3 Qd7 11.
h4 O-O-O 12. Qxa7 Qe6 13. e4 Kd7 14. g4 Ke8 15. Bc4 d5 16. exd5 Nxd5 17. Nxd5 Bxd5 18.
Rhe1 Qc6 19. Bxd5 Rxd5 20. Qa8+ 1-0

[Event "Live Chess"]
[Site "Chess.com"]
[Date "2024.06.02"]
[Round "-"]
[White "agamilewska"]
[Black "Eva3337"]
[Result "1/2-1/2"]
[WhiteElo "1771"]
[BlackElo "1178"]
[TimeControl "300"]
[EndTime "6:29:04 PDT"]
[Termination "Game drawn by repetition"]

1. d4 Nc6 2. c4 d5 3. Nf3 e6 4.
e3 Nf6 5. Nc3 Bb4 6. cxd5 Qxd5 7.
Bd2 Qd8 8. Bb5 Bd7 9. Bxc6 Bxc6 10. O-O Bxc3 11. Bxc3 Ne4 12. Ne5 Nxc3 13. bxc3 Qd5 14. Nxc6 Qxc6 15. Qb3 O-O 16. Rab1 b6 17. c4 Qe4 18. Rfc1 h6 19. d5 Rfd8 20. dxe6 Qxe6 21. h3 Rd2 22. c5 Rad8 23. Qxe6 fxe6 24. cxb6 cxb6 25.
a4 Ra2 26. Rb4 Rdd2 27. Rf1 Kf7 28. Rf4+ Ke7 29. Rc1 Rdc2 30. Rxc2 Rxc2 31. Rd4 Ra2 32. g4 g5 33. Kg2 e5 34. Rc4 Kd6 35. Kf3 Kd5 36. Rb4 Kc5 37. Rb5+ Kd6 38. Rb4 Kc5 39. Rb5+ Kd6 40. Rb4 Kc5 1/2-1/2

[Event "Live Chess"]
[Site "Chess.com"]
[Date "2024.06.02"]
[Round "-"]
[White "Anareza_Firouzja"]
[Black "gobbles19"]
[Result "1/2-1/2"]
[WhiteElo "1884"]
[BlackElo "2218"]
[TimeControl "300"]
[EndTime "6:29:15 PDT"]
[Termination "Game drawn by stalemate"]

1. e4 Nf6 2. Nc3 d6 3. d4 g6 4. f4 Bg7 5. Qd2 c6 6. Nf3 b5 7. e5 b4 8. exf6 bxc3 9. bxc3 Bxf6 10. Bd3 Nd7 11. O-O Nb6 12. a4 a5 13. Ba3 Ba6 14. Bxa6 Rxa6 15. Rfe1 O-O 16. Qd3 Ra8 17. c4 Bg7 18. c3 Qd7 19. Rab1 Rfb8 20. Re2 Nxa4 21. Rbe1 e6 22. d5 cxd5 23. cxd5 Nc5 24. Qe3 exd5 25. Bxc5 dxc5 26. Qxc5 Rc8 27. Qb6 Bxc3 28. Re7 Qc6 29. Re8+ Kg7 30. Qxc6 Rxc6 31. Rxa8 Bxe1 32. Nxe1 Rc4 33.
Rxa5 Rxf4 34. Rxd5 h5 35. Nf3 Ra4 36. h4 Rb4 37.
Kh2 Ra4 38. Kg3 Rb4 39. Kh3 Ra4 40. Rc5 Rg4 41. Ra5 Rb4 42. Ra7 Rb3 43. Kg3 Rc3 44.
Kf2 Rc2+ 45. Kg3 Rc3 46. Kh2 Rc4 47. Rb7 Ra4 48. g3 Ra5 49. Ng5 Ra2+ 50. Kh3 Rf2 51. Rc7 Rf5 52. Rd7 Rf1 53. Ne6+ Kf6 54. Ng5 Kg7 55. Kg2 Rf6 56. Rxf7+ Rxf7 57. Nxf7 Kxf7 58.
Kf3 Kf6 59. g4 Ke5 60. gxh5 gxh5 61. Kg2 Kf4 62. Kh1 Kg3 63. Kg1 Kxh4 64. Kh1 Kh3 65.
Kg1 Kg3 66. Kh1 h4 67. Kg1 h3 68. Kh1 h2 1/2-1/2

[Event "Live Chess"]
[Site "Chess.com"]
[Date "2024.06.02"]
[Round "-"]
[White "LL220284LL"]
[Black "ACM42"]
[Result "1-0"]
[WhiteElo "2479"]
[BlackElo "2206"]
[TimeControl "300"]
[EndTime "6:29:17 PDT"]
[Termination "LL220284LL won by resignation"]

1. e3 c5 2. b3 Nc6 3. Bb2 e5 4. d3 d5 5. g3 Nf6 6. Bg2 Be6 7. Nf3 Bd6 8. O-O O-O 9. Nbd2 Qc7 10. c4 d4 11. exd4 exd4 12. Ng5 Bg4 13. Qb1 h6 14. Nge4 Nxe4 15. Nxe4 Ne5 16. Nxd6 Qxd6 17. f4 Nc6 18. Qc2 Rae8 19. Rae1 b6 20. a3 Bf5 21. Bc1 Qg6 22.
Be4 Nb8 23. Qg2 Nd7 24. Re2 Nf6 25. Rfe1 Nxe4 26. dxe4 Bg4 27. f5 Qc6 28. Rf2 f6 29. Bf4 Bh5 30. g4 Bf7 31. e5 fxe5 32. Qxc6 1-0

[Event "Live Chess"]
[Site "Chess.com"]
[Date "2024.06.02"]
[Round "-"]
[White "MagnersCarlsberg2870"]
[Black "TigerTank70"]
[Result "1-0"]
[WhiteElo "1769"]
[BlackElo "2181"]
[TimeControl "300"]
[EndTime "6:30:11 PDT"]
[Termination "MagnersCarlsberg2870 won by resignation"]

1. d4 d5 2. e3 c5 3. Bd3 e6 4.
c3 Nf6 5. f4 Nc6 6. Nd2 c4 7. Bc2 Nd7 8. Ngf3 Be7 9. Qe2 Bh4+ 10. g3 Bf6 11. O-O h5 12. e4 dxe4 13. Nxe4 Qc7 14. f5 Nb6 15. Bf4 e5 16. dxe5 Nxe5 17. Nxe5 Bxe5 18. Bxe5 1-0

[Event "Live Chess"]
[Site "Chess.com"]
[Date "2024.06.02"]
[Round "-"]
[White "seasidecastle27"]
[Black "NeilDruggan73"]
[Result "1-0"]
[WhiteElo "1945"]
[BlackElo "1705"]
[TimeControl "300"]
[EndTime "6:30:14 PDT"]
[Termination "seasidecastle27 won by resignation"]

1. d4 Nf6 2. Nf3 g6 3. Bg5 Bg7 4. Nbd2 d5 5. e3 c6 6. Be2 Bg4 7. Ne5 Bxe2 8. Qxe2 Nbd7 9. h4 h6 10. Bf4 Ne4 11. Nxe4 dxe4 12. O-O-O O-O 13. g4 Nxe5 14.
dxe5 Qa5 15. Kb1 Rad8 16. Qc4 Rxd1+ 17. Rxd1 Rd8 18. Rxd8+ Qxd8 19. a4 Qd5 20. Qxd5 cxd5 21. b4 e6 22. Kb2 Bf8 23. Kb3 b6 24. c4 Be7 25. cxd5 exd5 26. b5 Bxh4 27. e6 fxe6 28. Bb8 Bxf2 29. Bxa7 Bxe3 30. a5 h5 31. gxh5 gxh5 32.
Bxb6 Bxb6 33. axb6 e3 34. Kc2 h4 35. b7 h3 36. b8=Q+ Kg7 37. Qg3+ 1-0

[Event "Live Chess"]
[Site "Chess.com"]
[Date "2024.06.02"]
[Round "-"]
[White "Queensandpawns"]
[Black "juniortay"]
[Result "1-0"]
[WhiteElo "2291"]
[BlackElo "2333"]
[TimeControl "300"]
[EndTime "6:30:21 PDT"]
[Termination "Queensandpawns won on time"]

1. e4 e5 2. d4 Nc6 3. c3 Nf6 4.
dxe5 Nxe5 5. Nd2 Bc5 6. Ngf3 Qe7 7. Nxe5 Qxe5 8. Bd3 d6 9. O-O O-O 10. Nf3 Qh5 11. Nd4 Bg4 12. f3 Bd7 13. Kh1 Rae8 14.
Ne2 Qh4 15. Bf4 Nh5 16. Qd2 h6 17. a4 a5 18. Be3 Bxe3 19. Qxe3 f5 20. Qd4 f4 21.
Qf2 Qg5 22. Bc4+ Be6 23. Bxe6+ Rxe6 24. Nd4 Rg6 25. Nf5 Rgf6 26. h4 Ng3+ 27. Kg1 Qh5 28. Nxg3 fxg3 29. Qxg3 Rf4 30. Rad1 Rxh4 31. Rd5 Rh1+ 32.
Kf2 Rxf1+ 33. Kxf1 Qh1+ 34. Ke2 Qa1 35. Rb5 b6 36. Qg4 Qxa4 37. Qe6+ Kh8 38. Rh5 Qc2+ 39. Kf1 Qc1+ 40. Kf2 Qxb2+ 41. Kg1 Qc1+ 42. Kh2 Kh7 43.
Rf5 Rg8 44. f4 Qxc3 45. Rh5 Qf6 46. Qg4 Rf8 47. Rf5 Qe7 48. Rxf8 Qxf8 49. f5 Qf6 50. Qh5 a4 51. Qd1 a3 52. Qb3 Qe5+ 53. Kh3 Qxe4 54. Qf7 Qe3+ 55. g3 Qg5 56. Qb3 Qxf5+ 57. g4 Qf1+ 58. Kh2 Qf4+ 59. Kh3 Qc1 60. Qd3+ Kh8 61.
Qd5 Qc3+ 62. Kh4 Qf6+ 63. Kh3 Qg6 64. Qa8+ Kh7 65. Qxa3 h5 66. Qg3 Qxg4+ 67. Kh2 b5 68. Kh1 1-0